 Dungeon Crawl Stone Soup version 0.21.1-1-g345015f (webtiles) character file.

890 Fang the Chopper (level 8, -4/50 HPs)
             Began as a Gargoyle Berserker on June 8, 2018.
             Was a Believer of Trog.
             Slain by a black bear (5 damage)
             ... on level 7 of the Dungeon.
             The game lasted 00:05:33 (3447 turns).

Fang the Chopper (Gargoyle Berserker)               Turns: 3447, Time: 00:05:34

Health: -4/50      AC:  7    Str: 22    XL:     8   Next: 6%
Magic:  8/8        EV: 13    Int:  9    God:    Trog [**....]
Gold:   193        SH:  0    Dex:  9    Spells: 7/7 levels left

rFire    . . .     SeeInvis .   a - +0 hand axe
rCold    + . .     Gourm    .   (no shield)
rNeg     + . .     Faith    .   b - +0 animal skin
rPois    ∞         Spirit   .   (no helmet)
rElec    +         Reflect  .   (no cloak)
rCorr    .         Harm     .   (no gloves)
MR       .....                  (no boots)
Stlth    ++........             (no amulet)
HPRegen  0.16/turn              w - ring of protection from cold
MPRegen  0.11/turn              (no ring)

@: berserk cooldown, slowed, very slow
A: negative energy resistance 1, electricity resistance, unbreathing,
petrification resistance, rot immunity, AC +5
a: Berserk, Trog's Hand, Burn Spellbooks, Renounce Religion


You were on level 7 of the Dungeon.
You worshipped Trog.
Trog was pleased with you.
You were near starving.

You visited 1 branch of the dungeon, and saw 6 of its levels.

You collected 193 gold pieces.

Inventory:

Hand Weapons
 a - a +0 hand axe (weapon)
Armour
 b - a +0 animal skin (worn)
Jewellery
 w - a ring of protection from cold (left hand)
Scrolls
 d - a scroll of enchant armour {unknown}
 f - 5 scrolls of teleportation {unknown}
 h - a scroll of amnesia {unknown}
 i - 5 scrolls of identify {unknown}
 j - 3 scrolls of remove curse {unknown}
 n - a scroll of immolation {unknown}
 o - a scroll of noise {unknown}
 q - 2 scrolls of fear {unknown}
 r - a scroll of random uselessness {unknown}
 s - a scroll of fog {unknown}
 t - a scroll of blinking {unknown}
 v - a scroll of magic mapping {unknown}
Potions
 e - a potion of degeneration {unknown}
 g - a potion of cancellation {unknown}
 k - 4 potions of curing {unknown}
 l - a potion of agility {unknown}
 p - a potion of flight {unknown}
 u - 2 potions of lignification {unknown}
 x - a potion of heal wounds {unknown}
Books
 m - a book of Maledictions

   Spells                             Type                      Level
   a - Corona                         Hexes                        1
   b - Ensorcelled Hibernation        Hexes/Ice                    2
   c - Confuse                        Hexes                        3
   d - Tukima's Dance                 Hexes                        3
   e - Dazzling Spray                 Conjuration/Hexes            3
   Trog disapproves of the use of such an item.
Comestibles
 c - 8 rations


   Skills:
 + Level 5.4 Fighting
 + Level 6.7 Axes
 + Level 2.3 Armour
 + Level 3.2 Dodging
 + Level 2.2 Stealth


You had 7 spell levels left.
You didn't know any spells.

Dungeon Overview and Level Annotations

Branches:
Dungeon (5/15)
 Temple: D:4-7

Altars:
Gozag
Sif Muna

Annotations:
D:7 Prince Ribbit


Innate Abilities, Weirdness & Mutations

You are resistant to torment.
Your stone body is resilient. (AC +5)
You are immune to poison.
You resist negative energy. (rN+)
You are resistant to electric shocks. (rElec)
You can survive without breathing.
You are immune to petrification.
You are immune to rotting.


Message History

You have reached level 8!
You feel clever.
You slash the centaur! You slash Prince Ribbit!
You closely miss the black bear.
Prince Ribbit blinks!
The black bear bites you!
* * * LOW HITPOINT WARNING * * *
The black bear misses you.
The black bear claws you but does no damage.
The centaur unwields an uncursed shortbow.
The centaur hits you but does no damage.
Unknown command.
The crimson imp blinks!
You barely miss the centaur.
The centaur is moderately wounded.
You closely miss the black bear. You closely miss the ball python.
You are no longer berserk.
You are exhausted.
You feel yourself slow down. The centaur barely misses you.
The black bear bites you.
You die...

########
#......
#.....
##...F####
........
#.§... #...#
#...# ##
#.####.h@# .
.....%.Sc#.#
#.####...#.#
#.##.......#
#.......###
#.##.#..##
#.......#
...###..#
.#. #..#


You could see Prince Ribbit, a black bear (berserk), a centaur and a ball
python.

Vanquished Creatures
  The ghost of Fang the Chopper, an amateur GrBe of Trog (D:4)
  An ice beast (D:5)
  2 ogres (D:5)
  A bullfrog (D:2)
  A scorpion (D:7)
  A howler monkey (D:4)
  A crimson imp (D:4)
  A bullfrog zombie (D:5)
  An orc priest (D:5)
  An iguana (D:4)
  An orc wizard (D:5)
  A worker ant (D:4)
  3 gnolls (D:2)
  6 adders
  A shadow imp (D:7)
  An adder skeleton (D:5)
  A worm (D:2)
  A dart slug (D:4)
  A leopard gecko (D:3)
  4 orcs
  8 bats
  4 giant cockroaches
  A goblin (D:2)
  2 hobgoblins
  4 jackals (D:1)
  4 kobolds (D:2)
  2 quokkas
  2 frilled lizards
  2 quokka skeletons (D:5)
  2 rats (D:3)
62 creatures vanquished.

Notes
Turn   | Place    | Note
-------+----------+-------------------------------------------
     0 | D:1      | Fang the Gargoyle Berserker began the quest for the Orb.
     0 | D:1      | Reached XP level 1. HP: 14/14 MP: 1/1
   103 | D:1      | Reached XP level 2. HP: 13/19 MP: 2/2
   104 | D:1      | Reached skill level 3 in Axes
   644 | D:2      | Reached XP level 3. HP: 24/24 MP: 3/3
   984 | D:2      | Noticed a bullfrog
   994 | D:2      | Killed a bullfrog
   994 | D:2      | Reached skill level 4 in Axes
   994 | D:2      | Reached XP level 4. HP: 18/29 MP: 4/4
  1180 | D:2      | Found an opulent altar of Gozag.
  1192 | D:2      | Reached XP level 5. HP: 20/33 MP: 5/5
  2069 | D:3      | Reached ** piety under Trog
  2102 | D:3      | You fall through a shaft for 2 floors!
  2102 | D:5      | Entered Level 5 of the Dungeon
  2129 | D:5      | Noticed an ogre
  2136 | D:5      | Killed an ogre
  2136 | D:5      | Reached XP level 6. HP: 37/39 MP: 6/6
  2235 | D:5      | Noticed an ice beast
  2237 | D:5      | Reached skill level 5 in Axes
  2249 | D:5      | Killed an ice beast
  2249 | D:5      | Reached skill level 1 in Stealth
  2574 | D:5      | Reached XP level 7. HP: 37/44 MP: 7/7
  2715 | D:5      | Found a deep blue altar of Sif Muna.
  2767 | D:4      | Noticed Fang's ghost (amateur GrBe)
  2783 | D:4      | Killed Fang's ghost
  2783 | D:4      | Reached skill level 5 in Fighting
  2783 | D:4      | Reached skill level 6 in Axes
  3392 | D:4      | You fall through a shaft for 3 floors!
  3423 | D:7      | Noticed Prince Ribbit
  3445 | D:7      | Reached XP level 8. HP: 12/50 MP: 8/8
  3445 | D:7      | HP: 1/75 [black bear (11)]
  3447 | D:7      | Slain by a black bear

Skill      XL: |  1  2  3  4  5  6  7 |
---------------+----------------------+-----
Axes           | 3 4 5 6 |  6.7
Fighting       | 4 5 |  5.4
Dodging        | 2 3 |  3.2
Stealth        | 1 2 |  2.2
Armour         | |  2.3

Action                   |  1- 3 |  4- 6 |  7- 9 || total
-------------------------+-------+-------+-------++-------
Melee: Hand axe          |    80 |    92 |   121 ||   293
Invok: Berserk           |       |     3 |     4 ||     7
 Stab: Sleeping          |       |       |     2 ||     2
  Eat: Chunk             |       |     5 |     5 ||    10
       Ration            |       |     1 |       ||     1
Armor: Animal skin       |    37 |    20 |    52 ||   109
Dodge: Dodged            |    71 |    55 |    70 ||   196
